 Dungeon Crawl Stone Soup version 0.27.1-3-gb3d3a73c9e (webtiles) character file.

Game seed: 1256570965757901727

40067 jlumianski the Cleaver (level 13, -3/115 HPs)
             Began as a Deep Dwarf Fighter on Oct 8, 2021.
             Was a High Priest of Makhleb.
             Succumbed to poison (dark miasma)
             ... on level 1 of the Lair of Beasts.
             The game lasted 01:53:20 (15380 turns).

jlumianski the Cleaver (Deep Dwarf Fighter)        Turns: 15380, Time: 01:53:21

Health: -3/115     AC: 21    Str: 30    XL:     13   Next: 72%
Magic:  7/7        EV: 14    Int: 10    God:    Makhleb [*****.]
Gold:   242        SH: 19    Dex: 23    Spells: 19/19 levels left

rFire    + . .     SeeInvis +   a - +5 war axe (freeze)
rCold    . . .     Faith    .   c - +0 kite shield
rNeg     . . .     Spirit   .   v - +3 scale mail of the Everdark {Dex+8}
rPois    .         Reflect  +   f - +2 hat {SInv}
rElec    .         Harm     .   (no cloak)
rCorr    .         Rampage  .   (no gloves)
Will     +....                  O - +3 pair of boots "Ulahes" {Fly Dex+3}
Stlth    +.........             s - amulet "Ungy" {Reflect Contam +Blink rF+ SH+5}
HPRegen  0.00/turn              l - +6 ring of strength
MPRegen  0.10/turn              A - +4 ring of protection

@: lethally poisoned (-3 -> -12), flying, slowed, studying Shields, very slow
A: damage resistance, heal wounds, sense surroundings 2, no regeneration
a: Heal Wounds, Renounce Religion, Evoke Blink, Minor Destruction, Lesser
Servant of Makhleb, Major Destruction, Greater Servant of Makhleb


You were on level 1 of the Lair of Beasts.
You worshipped Makhleb.
Makhleb was extremely pleased with you.
You visited 4 branches of the dungeon, and saw 17 of its levels.
You also visited: Sewer.

You collected 1938 gold pieces.
You spent 1696 gold pieces at shops.

Inventory:

Hand Weapons
 a - a +5 war axe of freezing (weapon)
 w - a +2 whip of electrocution
Missiles
 t - 19 poisoned darts
 F - 8 javelins (quivered)
 J - a throwing net
 M - 6 boomerangs
 Q - 12 boomerangs of dispersal
Armour
 c - a +0 kite shield (worn)
 f - a +2 hat of see invisible (worn)
 v - the +3 scale mail of the Everdark (worn) {Dex+8}
   (You found it on level 13 of the Dungeon)

   Dex:       It affects your dexterity (+8).
 O - the +3 pair of boots "Ulahes" (worn) {Fly Dex+3}
   (You bought it in a shop on level 2 of the Orcish Mines)

   Dex:       It affects your dexterity (+3).
   Fly:       It grants you flight.
Magical Staves
 e - a staff of air
Jewellery
 b - an amulet of reflection
 l - a +6 ring of strength (left hand)
 s - the amulet "Ungy" (around neck) {Reflect Contam +Blink rF+ SH+5}
   (You acquired it on level 7 of the Dungeon)

   [amulet of reflection]

   It reflects blocked missile attacks.
   rF:        It protects you from fire.
   +Blink:    It lets you blink.
   Contam:    It causes magical contamination when unequipped.
   SH:        It affects your SH (+5).
 A - a +4 ring of protection (right hand)
 H - a ring of willpower
 P - a ring of protection from fire
Wands
 u - a wand of flame (3)
 B - a wand of mindburst (11)
 K - a wand of iceblast (31)
 S - a wand of paralysis (3)
Scrolls
 i - 4 scrolls of enchant armour
 j - a scroll of magic mapping
 C - 3 scrolls of teleportation
 E - 3 scrolls of fog
 V - 7 scrolls of identify
Potions
 d - a potion of might
 o - 2 potions of berserk rage
 x - 2 potions of heal wounds
 D - 3 potions of curing
 I - 2 potions of resistance
 N - a potion of lignification
Miscellaneous
 q - a condenser vane (inert)


   Skills:
 + Level 7.5 Fighting
 + Level 13.3(13.4) Axes
 + Level 0.8(8.1) Maces & Flails
 + Level 2.6(3.7) Slings
 + Level 3.2(3.5) Throwing
 + Level 8.4 Armour
 + Level 6.4 Dodging
 - Level 1.2 Stealth
 + Level 11.3 Shields
 * Level 3.7 Spellcasting
 * Level 11.3 Invocations
 * Level 10.8 Evocations


You had 19 spell levels left.
You didn't know any spells.
Your spell library contained the following spells:

 Spells                   Type           Power      Damage    Failure   Level
 Corpse Rot               Necr/Air       N/A        N/A       75%         2
 Poisonous Vapours        Pois/Air       2%         N/A       75%         2
 Slow                     Hex            1%         N/A       75%         2
 Call Canine Familiar     Summ           1%         N/A       93%         3
 Confusing Touch          Hex            1%         N/A       93%         3
 Gell's Gravitas          Tloc           0%         N/A       93%         3
 Portal Projectile        Hex/Tloc       2%         N/A       93%         3
 Teleport Other           Tloc           1%         N/A       93%         3
 Airstrike                Air            0%         N/A       100%        4
 Animate Armour           Summ/Erth      2%         N/A       100%        4
 Animate Dead             Necr           0%         N/A       100%        4
 Leda's Liquefaction      Hex/Erth       0%         N/A       100%        4
 Summon Lightning Spire   Summ/Air       1%         N/A       100%        4
 Blade Hands              Tmut           0%         N/A       100%        5
 Borgnjor's Vile Clutch   Necr/Erth      0%         N/A       100%        5
 Freezing Cloud           Conj/Ice/Air   0%         6-21      100%        5
 Lightning Bolt           Conj/Air       0%         1d11      100%        5
 Summon Forest            Summ/Tloc      0%         N/A       100%        5
 Summon Mana Viper        Hex/Summ       1%         N/A       100%        5
 Yara's Violent Unravell  Hex/Tmut       0%         3d3       100%        5
 Death Channel            Necr           0%         N/A       100%        6
 Dispersal                Tloc           0%         N/A       100%        6
 Iron Shot                Conj/Erth      0%         9d1       100%        6
 Shadow Creatures         Summ           N/A        N/A       100%        6


Dungeon Overview and Level Annotations

Branches:
Dungeon (13/15)            Temple (1/1) D:5            Lair (1/6) D:11
    Orc (2/2) D:10            Elf (0/3) Orc:2         Sewer (visited)
 Vaults: D:13-14

Altars:
Ashenzari
Cheibriados
Dithmenos
Elyvilon
Fedhas
Gozag
Hepliaklqana
Kikubaaqudgha
Makhleb
Nemelex Xobeh
Okawaru
Qazlal
Ru
Sif Muna
Trog
Uskayaw
Vehumet
Wu Jian
Xom
Yredelemnul
Zin
The Shining One
Beogh

Shops:
D:6 ?   Orc:1 ?:   Orc:2 !:[=

Portals:
Trove: D:13 (give 17 potions of curing)

Annotations:
D:3 Ijyb
D:4 1 runed translucent door, Crazy Yiuf
Lair:1 1 transporter


Innate Abilities, Weirdness & Mutations

You are resistant to damage.
You can heal yourself by infusing magical energy.
You passively map the area around you.
You do not regenerate.


Message History

The harpoon shot misses you. You block the swamp worm's attack.
The swamp worm fires a harpoon shot at you.
The harpoon shot reflects off an invisible shield around you!
The harpoon shot hits the swamp worm!!
You barely miss the swamp worm.
You hit the briar patch but do no damage.
The swamp worm bites you but does no damage.
The swamp worm fires a harpoon shot at you.
The harpoon shot reflects off an invisible shield around you!
The harpoon shot hits the swamp worm!!
You kill the swamp worm!
Makhleb accepts your kill.
You feel better. You block the swamp worm's attack.
You slice the swamp worm!! You freeze the swamp worm!
The swamp worm is almost dead.
You hit the briar patch but do no damage.
The swamp worm closely misses you.
You closely miss the swamp worm.
The swamp worm is almost dead.
You are struck by the briar patch's thorns.
You slash the briar patch! You freeze the briar patch.
You destroy the briar patch!
You block the swamp worm's attack. x2
You hit the swamp worm. You freeze the swamp worm.
The swamp worm is almost dead.
You block the swamp worm's attack. x2
You hit the swamp worm. You freeze the swamp worm.
You kill the swamp worm!
Makhleb accepts your kill.
You feel better.
You are engulfed in dark miasma.
You are more poisoned.
* * * LOW HITPOINT WARNING * * *
You feel sick.
You reach down and open the door.
You are engulfed in dark miasma.
You are lethally poisoned!
* * * LOW HITPOINT WARNING * * *
x2 You feel extremely sick.
You die...

#.............## ,
,,###........!....# * ,
,
..##...............###
*, ,
.....................##
* , , ,,
.....#..#########..P..#
,
.....#..##†#♣#.##.....#
* , , ,
....##.##≈≈≈≈#≈§####..#
*, ,, ....
#.#...PP°P.#?[#..# , ,
, ....
#©#©^^^^^^○@=©#©## , ,
... #.#....○P..#$=#.P#
,, ,
*##.##≈≈≈#≈≈≈####..# *
,, #...#♣#.#†#†#....##
* ###.#########..### *
* #...........P#
######.......### *, ,
##........# * #.,*
##.####..## ##...


There were no monsters in sight!

Vanquished Creatures
  Jorgrun (Orc:2)
  Frances (D:12)
  A hydra (D:13)
  A catoblepas (D:8)
  4 centaur warriors
  3 two-headed ogres
  3 orc high priests (Orc:2)
  5 orc knights
  Pikel (D:6)
  3 ugly things
  5 cyclopes
  4 orc sorcerers (Orc:2)
  A black mamba (Lair:1)
  2 gargoyles
  2 cane toads (Lair:1)
  2 unseen horrors
  A komodo dragon (D:10)
  A kobold demonologist (D:10)
  10 trolls
  4 blink frogs (Lair:1)
  A hornet (D:9)
  A shadow (D:11)
  3 vampires
  3 wyverns
  2 wraiths
  15 yaks
  A basilisk (Lair:1)
  6 fire elementals
  5 vampire mosquitoes
  Edmund (D:4)
  Menkaure (D:7)
  5 swamp worms (Lair:1)
  2 acid dragons
  4 wargs
  2 water moccasins
  2 hell hounds (Orc:1)
  A sky beast (D:5)
  2 black bears
  21 orc warriors
  2 necrophages
  2 ice beasts (D:5)
  9 ogres
  8 centaurs
  A lemure (D:6)
  A phantom (D:5)
  A kobold brigand (D:8)
  2 gnoll sergeants
  A water moccasin zombie (D:6)
  4 bullfrogs
  2 scorpions
  A wyvern zombie (D:8)
  2 water moccasin skeletons
  3 killer bees (D:10)
  5 electric eels
  3 howler monkeys
  2 bullfrog zombies (D:6)
  A hound (D:6)
  8 centaur zombies
  23 orc priests
  2 jellies
  A bullfrog skeleton (D:7)
  4 centaur skeletons
  Natasha (thrice) (D:4)
  17 orc wizards
  A killer bee zombie (D:8)
  A hound zombie (D:5)
  7 gnolls
  8 adders
  A shadow imp (D:8)
  An adder skeleton (D:4)
  3 worms
  4 dart slugs
  55 orcs
  11 ball pythons
  A bat zombie (D:2)
  4 endoplasms
  11 giant cockroaches
  11 goblins
  6 hobgoblins
  3 jackals (D:2)
  5 quokkas
  A ball python zombie (D:2)
  6 bats
  11 frilled lizards
  A jackal skeleton (D:2)
  10 kobolds
  9 rats
  10 briar patches (Lair:1)
422 creatures vanquished.

Vanquished Creatures (collateral kills)
  Azrael (Orc:2)
  A hydra (D:12)
  An orc (Orc:1)
3 creatures vanquished.

Vanquished Creatures (others)
  An orc priest (Orc:2)
  4 orcs (Orc:2)
  4 fungi (D:13)
  10 plants (D:6)
19 creatures vanquished.

Grand Total: 444 creatures vanquished

Notes
Turn   | Place    | Note
-------+----------+-------------------------------------------
     0 | D:1      | jlumianski the Deep Dwarf Fighter began the quest for the
                  | Orb.
     0 | D:1      | Reached XP level 1. HP: 20/20 MP: 1/1
    36 | D:1      | Found a faded altar of an unknown god.
   124 | D:1      | Reached XP level 2. HP: 27/27 MP: 2/2
   620 | D:1      | Reached XP level 3. HP: 30/33 MP: 3/3
  1386 | D:2      | Reached skill level 3 in Axes
  1431 | D:2      | Reached XP level 4. HP: 22/42 MP: 4/4
  2305 | D:3      | Noticed Ijyb
  2455 | D:3      | Found a basalt altar of Yredelemnul.
  2892 | D:4      | Noticed Edmund
  2911 | D:4      | Killed Edmund
  2912 | D:4      | Reached skill level 4 in Axes
  2912 | D:4      | Reached skill level 1 in Dodging
  2912 | D:4      | Reached XP level 5. HP: 20/49 MP: 5/5
  2936 | D:4      | Noticed Natasha
  2982 | D:4      | Found a burning altar of Makhleb.
  3045 | D:3      | Reached XP level 6. HP: 36/56 MP: 6/6
  3056 | D:4      | Killed Natasha
  3309 | D:4      | Noticed Natasha
  3311 | D:4      | Found a shadowy altar of Dithmenos.
  3316 | D:4      | Killed Natasha
  3392 | D:4      | Reached skill level 5 in Axes
  3461 | D:4      | Noticed Natasha
  3473 | D:4      | Killed Natasha
  3833 | D:4      | Found a runed translucent door.
  3834 | D:4      | Noticed Crazy Yiuf
  3868 | D:5      | Entered Level 5 of the Dungeon
  3959 | D:5      | Reached skill level 5 in Shields
  3959 | D:5      | Reached XP level 7. HP: 36/63 MP: 6/6
  3964 | D:5      | Found a staircase to the Ecumenical Temple.
  3980 | Temple   | Entered the Ecumenical Temple
  4146 | D:5      | Found a glowing drain.
  4159 | D:5      | Reached skill level 5 in Armour
  4169 | Sewer    | Entered a sewer
  4644 | D:5      | Reached skill level 6 in Axes
  4735 | D:5      | Reached skill level 1 in Slings
  4795 | D:5      | Reached XP level 8. HP: 25/72 MP: 6/6
  4899 | D:5      | Found a glowing golden altar of the Shining One.
  4983 | D:5      | Reached skill level 7 in Axes
  5245 | D:4      | Became a worshipper of Makhleb the Destroyer
  5477 | D:6      | Noticed Pikel
  5516 | D:5      | Reached skill level 1 in Invocations
  5529 | D:6      | Killed Pikel
  5530 | D:6      | Reached skill level 8 in Axes
  5530 | D:6      | Reached skill level 1 in Stealth
  5530 | D:6      | Gained mutation: You passively map the area around you.
                  | [Deep Dwarf growth]
  5530 | D:6      | Reached XP level 9. HP: 42/80 MP: 6/9
  6026 | D:6      | Found Sanouluki's Magic Scroll Shop.
  6062 | D:6      | Bought a scroll of enchant weapon for 105 gold pieces
  6062 | D:6      | Bought a scroll of identify for 28 gold pieces
  6468 | D:7      | Identified a scroll of acquirement
  6468 | D:7      | Acquired the amulet "Ungy" {Reflect Contam +Blink rF+ SH+5}
  6568 | D:7      | Reached skill level 1 in Evocations
  6647 | D:7      | Found a snail-covered altar of Cheibriados.
  6877 | D:7      | Reached skill level 5 in Fighting
  6915 | D:7      | Noticed a gargoyle
  6915 | D:7      | Noticed a red ugly thing
  6945 | D:7      | Noticed Menkaure
  7022 | D:7      | Killed Menkaure
  7091 | D:7      | Reached skill level 9 in Axes
  7248 | D:8      | Found a stormy altar of Qazlal.
  7390 | D:8      | Found a glowing silver altar of Zin.
  7419 | D:8      | Found a shimmering blue altar of Sif Muna.
  7483 | D:8      | Noticed a catoblepas
  7498 | D:8      | Killed a catoblepas
  7499 | D:8      | Reached skill level 5 in Invocations
  7499 | D:8      | Reached XP level 10. HP: 46/88 MP: 8/8
  7628 | D:8      | Reached * piety under Makhleb
  8102 | D:8      | Found a radiant altar of Vehumet.
  8500 | D:9      | Reached skill level 10 in Axes
  8562 | D:9      | Found an iron altar of Okawaru.
  8702 | D:9      | Paralysed by a hornet for 1 turns
  8788 | D:9      | Found a hide-covered altar of Uskayaw.
  8842 | D:8      | Reached skill level 5 in Evocations
  8918 | D:9      | Noticed a purple ugly thing
  8933 | D:9      | Killed a purple ugly thing
  9186 | D:10     | Entered Level 10 of the Dungeon
  9308 | D:10     | Reached ** piety under Makhleb
  9510 | D:10     | Reached XP level 11. HP: 68/97 MP: 10/10
  9670 | D:10     | Reached skill level 11 in Axes
  9682 | D:10     | Found a staircase to the Orcish Mines.
 10118 | D:11     | Found a staircase to the Lair.
 10253 | D:10     | Reached skill level 1 in Throwing
 10271 | D:11     | Reached skill level 5 in Dodging
 10553 | Lair:1   | Entered Level 1 of the Lair of Beasts
 10680 | D:12     | Noticed a purple ugly thing
 10695 | D:12     | Killed a purple ugly thing
 10723 | D:12     | Noticed a red ugly thing
 10741 | D:12     | Killed a red ugly thing
 10750 | D:12     | Noticed a centaur warrior
 10762 | D:12     | Noticed a two-headed ogre
 10776 | D:12     | Killed a two-headed ogre
 10776 | D:12     | Noticed Frances
 10778 | D:12     | Noticed a centaur warrior
 10794 | D:12     | Killed Frances
 10795 | D:12     | Reached XP level 12. HP: 24/106 MP: 9/9
 10804 | D:12     | Killed a centaur warrior
 10804 | D:12     | Reached *** piety under Makhleb
 10831 | D:12     | Noticed a two-headed ogre
 10849 | D:11     | Killed a two-headed ogre
 10850 | D:11     | Reached skill level 12 in Axes
 10855 | D:11     | Killed a centaur warrior
 10962 | D:12     | Noticed a seven-headed hydra
 10971 | D:12     | Killed a seven-headed hydra
 10975 | D:12     | Noticed a centaur warrior
 10987 | D:12     | Killed a centaur warrior
 11006 | D:12     | Acquired a +2 hat of see invisible
 11340 | D:13     | Reached skill level 10 in Shields
 11416 | D:13     | Identified the +3 scale mail of the Everdark {Dex+8}
 11422 | D:13     | Identified the +0 robe of Kampithre {rElec}
 11536 | D:13     | Found a portal to a secret trove of treasure.
 11594 | D:13     | Noticed a four-headed hydra
 11605 | D:13     | Killed a four-headed hydra
 11606 | D:13     | Reached skill level 1 in Spellcasting
 11696 | D:13     | Reached skill level 10 in Invocations
 11731 | D:13     | Noticed a centaur warrior
 11738 | D:13     | Killed a centaur warrior
 12097 | Orc:1    | Entered Level 1 of the Orcish Mines
 12194 | Orc:2    | Entered Level 2 of the Orcish Mines
 12310 | Orc:2    | Noticed Azrael
 12353 | Orc:2    | Found a staircase to the Elven Halls.
 12369 | Orc:2    | Killed Azrael
 12370 | Orc:2    | Reached skill level 10 in Evocations
 12370 | Orc:2    | Reached XP level 13. HP: 36/115 MP: 8/8
 12382 | Orc:2    | Reached **** piety under Makhleb
 12523 | Orc:2    | Noticed Jorgrun
 12536 | Orc:2    | Killed Jorgrun
 12648 | Orc:1    | HP: 3/115 [orc knight (18)]
 13084 | Orc:1    | Found Piomi's Magic Scroll Shoppe.
 13169 | Orc:1    | Found Laud Wou's Self-Improvement Boutique.
 13324 | Orc:1    | Reached skill level 13 in Axes
 13793 | Orc:2    | Reached ***** piety under Makhleb
 14269 | Orc:2    | Found Mahuate's Antique Armour Shoppe.
 14269 | Orc:2    | Found Nualut's Jewellery Boutique.
 14272 | Orc:2    | Found Bawig's Distillery.
 14272 | Orc:2    | Found Huhaorink's Book Boutique.
 14289 | Orc:2    | Bought a potion of heal wounds for 55 gold pieces
 14546 | Orc:2    | Bought a pair of encrusted boots for 228 gold pieces
 14546 | Orc:2    | Identified the +3 pair of boots "Ulahes" {Fly Dex+3} (You
                  | bought it in a shop on level 2 of the Orcish Mines)
 14912 | Orc:1    | Bought a manual of Shields for 1280 gold pieces
 15295 | Lair:1   | Found a transporter.
 15295 | Lair:1   | Found the +3 pair of seven-league boots {Rampage+∞}
 15320 | Lair:1   | Found a transporter.
 15380 | Lair:1   | Succumbed to poison (dark miasma)

Illustrated notes

Levels and vault maps discovered:
D:1:      matt_arrival_diagonals, layout_basic, ebering_ecumenical_altar_box,
          corexii_leaking_fountain, chequers_serial_rivers_micro_c
D:2:      layout_loops_ring, serial_undead, serial_undead_d, serial_undead_a,
          serial_undead_e, serial_undead_c, corexii_shack, minivault_25,
          minmay_misc_feat_x, chequers_serial_rivers_micro_c
D:3:      kennysheep_the_goblin_king, layout_loops_cross, lemuel_tele_altar,
          amcnicky_mini_corridor_feature, eino_tiny_chamber
D:4:      layout_loops_ring, overflow_temple_1_default,
          nicolae_overflow_hidden_temple, kennysheep_donut, st_stairs_6,
          minmay_misc_feat_room, minmay_diced_spiral, uniq_crazy_yiuf_cottage,
          uniq_natasha, uniq_edmund
D:5:      layout_gridville, tso_altar, temple_statues, portal_sewer_entry_e
D:6:      layout_basic, serial_shops, shop, corexii_corridor_pit,
          chequers_big_river, uniq_pikel
D:7:      layout_basic, kennysheep_mini, lightli_corner_chamber, uniq_menkaure
D:8:      layout_layer_cave, mainiacjoe_overflow_cross_hatched,
          mainiacjoe_overflow_concentric_impassable, kennysheep_little_box,
          lemuel_blue_sif_altar, st_stairs_7, grunt_ogre_cave,
          minmay_quadrilaterals
D:9:      layout_cross, okawaru_metal_pillars_1_2, lemuel_crystal_altar
D:10:     layout_loops_ring, orc_0_dummy
D:11:     layout_rooms, lair_entry_dummy, serial_glass, glass_columns_a,
          glass_columns_a
D:12:     layout_basic, minmay_fractal_squares_gapless_7, uniq_frances
D:13:     layout_cave_pools, nicolae_trove_entry_columns, water_boxes_lemuel
Temple:   minmay_freezing_vapour_temple
Lair:1:   gammafunk_worm_tunnel, layout_cave_pods, lemuel_fruit_tree,
          serial_bayou_shore_a
Orc:1:    nicolae_orc_accident_2, layout_diamond_mine, serial_shops,
          nicolae_lakefront_shop, nicolae_shop_self_help
Orc:2:    grunt_orc_tribal_feast, layout_caves, uniq_jorgrun, uniq_azrael

Skill      XL: |  1  2  3  4  5  6  7  8  9 10 11 12 13 |
---------------+----------------------------------------+-----
Shields        | 4 5 6 7 8 9 10 11 | 11.3
Fighting       | 3 4 5 6 7 |  7.5
Armour         | 4 5 6 7 8 |  8.4
Axes           | 3 4 5 6 8 9 10 11 12 13 | 13.3
Dodging        | 1 2 3 4 5 6 |  6.4
Slings         | 1 2 |  2.6
Invocations    | 2 5 7 8 10 11 | 11.3
Stealth        | 1 |  1.2
Evocations     | 4 6 8 10 | 10.8
Throwing       | 2 3 |  3.2
Spellcasting   | 2 3 |  3.7
Maces & Flails | |  0.8

Action                   |  1- 3 |  4- 6 |  7- 9 | 10-12 | 13-15 || total
-------------------------+-------+-------+-------+-------+-------++-------
Melee: War axe           |   168 |   132 |   298 |   507 |   315 ||  1420
       Whip              |       |       |       |     7 |       ||     7
 Fire: Hunting sling     |       |     6 |    12 |       |       ||    18
Throw: Stone             |     4 |       |       |       |       ||     4
       Dart              |       |       |       |    26 |    14 ||    40
       Javelin           |       |       |       |     9 |    22 ||    31
Invok: Lesser Servant of |       |       |       |     2 |     1 ||     3
       Major Destruction |       |       |       |       |     1 ||     1
 Abil: Heal Wounds       |       |     4 |    13 |    25 |    15 ||    57
       Evoke Blink       |       |       |       |     2 |     4 ||     6
Evoke: Wand              |       |     3 |     3 |     5 |    10 ||    21
       Condenser vane    |       |       |       |     1 |       ||     1
  Use: Scroll            |       |       |    21 |     9 |       ||    30
       Potion            |       |       |     2 |     5 |       ||     7
 Stab: Distracted        |       |       |       |     1 |       ||     1
Armor: Scale mail        |    98 |    52 |   128 |   184 |    34 ||   496
Dodge: Dodged            |    64 |    41 |    92 |   168 |    62 ||   427
Block: Kite shield       |   119 |    97 |   223 |   529 |   252 ||  1220
       Reflection        |       |       |     3 |    27 |    11 ||    41
